 Dungeon Crawl Stone Soup version 0.17-a0-1946-gfb768fe (webtiles) character file.

4 esc the Insei (level 1, 0/13 HPs)
             Began as an Octopode Transmuter on Oct 1, 2015.
             Slain by a hobgoblin
             ... wielding a +0 club
              (3 damage)
             ... on level 1 of the Dungeon.
             The game lasted 00:00:43 (126 turns).

esc the Insei (Octopode Transmuter)                  Turns: 126, Time: 00:00:43

Health: 0/13       AC:  1    Str:  9    XL:     1   Next: 70%
Magic:  3/3        EV: 12    Int: 15    God:
Gold:   0          SH:  0    Dex: 12    Spells: 1 memorised, 3 levels left

rFire  . . .     SeeInvis .       - Unarmed
rCold  . . .     Clarity  .     (no shield)
rNeg   . . .     SustAt   .     (helmet restricted)
rPois  .         Gourm    .     (no amulet)
rElec  .         Spirit   .     (no ring)
rCorr  .         Warding  .     (no ring)
rMut   .         Stasis   .     (no ring)
MR     .....                    (no ring)
Stlth  ++........               (no ring)
                                (no ring)
                                (no ring)
                                (no ring)

@: not resistant to hostile enchantments, unstealthy
A: almost no armour, amphibious, 8 rings, constrict 8, camouflage 1, gelatinous
body 1
a: no special abilities


You were on level 1 of the Dungeon.
You were not hungry.

You visited 1 branch of the dungeon, and saw 1 of its levels.

Inventory:

Missiles
 a - 12 arrows
Books
 b - a book of Changes
Comestibles
 c - a bread ration {@e1}


   Skills:
 + Level 1.4 Fighting
 + Level 2.0 Dodging
 + Level 3.0 Unarmed Combat
 + Level 2.0 Spellcasting
 + Level 2.1 Transmutations


You had 3 spell levels left.
You knew the following spells:

 Your Spells              Type           Power        Failure   Level  Hunger
a - Beastly Appendage     Trmt           #.....       12%         1    #......


Dungeon Overview and Level Annotations

Branches:
Dungeon (1/15)

Altars:


Innate Abilities, Weirdness & Mutations

You cannot wear most types of armour.
You are amphibious.
You can wear up to eight rings at the same time.
You can use your tentacles to constrict eight enemies at once.
Your skin changes colour to match your surroundings (Stealth).
Your rubbery body absorbs attacks (AC +1).


Message History

Welcome, esc the Octopode Transmuter.
Will you prevail where others failed? Will you find the Orb of Zot?
Found a stone.
Found a staircase leading out of the dungeon.
You open the door.
There is an open door here.
You see here 3 stones.
You see here a stone.
You see here 2 stones.
As you open the door, it creaks loudly!
A bat comes into view.
The bat misses you. The bat hits you but does no damage.
There is an open door here.
You tentacle-slap the bat but do no damage.
Your grab misses the bat. The bat closely misses you.
The bat barely misses you. The bat barely misses you.
You closely miss the bat. Your grab misses the bat.
The bat hits you but does no damage.
A giant newt comes into view.
The bat barely misses you.
You closely miss the bat. Your grab misses the bat.
The bat hits you but does no damage. The bat completely misses you.
You closely miss the bat. Your grab misses the bat.
Your squeeze misses the bat. The bat barely misses you.
You tentacle-slap the bat. Your grab misses the bat.
The bat closely misses you. The bat barely misses you.
You tentacle-slap the bat but do no damage.
Your grab misses the bat. The bat hits you but does no damage.
The bat completely misses you. The giant newt bites you.
You take 1 damage, and have 12/13 hp.
You tentacle-slap the giant newt but do no damage.
Your grab misses the giant newt. Your squeeze misses the giant newt.
The bat hits you but does no damage. The giant newt barely misses you.
You tentacle-slap the giant newt but do no damage.
Your grab misses the giant newt. The bat misses you. The bat barely misses you.
The giant newt barely misses you.
You closely miss the giant newt. You grab the giant newt.
Your squeeze misses the giant newt. You constrict the giant newt.
The bat closely misses you. The bat hits you but does no damage.
You tentacle-slap the giant newt.
You kill the giant newt!
The bat hits you but does no damage.
You tentacle-slap the bat.
You kill the bat!
No target in view!
No target in view!
Found a stone staircase leading down.
Health restored: 13 You open the door.
There is an open door here.
There is a stone staircase leading down here.
A rat and a hobgoblin come into view.
A goblin comes into view. It is wielding a dagger.
The hobgoblin shouts!
The goblin shouts!
You hear a shout!
You closely miss the rat. Your grab misses the rat.
A goblin opens the door.
The rat misses you.
You barely miss the rat. Your grab misses the rat. The rat bites you.
A hobgoblin comes into view. It is wielding a club.
You take 1 damage, and have 12/13 hp.
You tentacle-slap the hobgoblin. You grab the hobgoblin.
You squeeze the hobgoblin.
You constrict the hobgoblin, but do no damage.
The rat barely misses you. The goblin hits you with a dagger.
You take 2 damage, and have 10/13 hp.
You tentacle-slap the hobgoblin but do no damage.
You squeeze the hobgoblin.
You kill the hobgoblin!
The goblin hits you with a dagger. The rat bites you but does no damage.
You take 4 damage, and have 6/13 hp.
MASSIVE DAMAGE!!
You tentacle-slap the rat.
You kill the rat!
The goblin barely misses you.
You barely miss the goblin. Your grab misses the goblin.
The goblin barely misses you.
You closely miss the goblin. You grab the goblin. You constrict the goblin.
You tentacle-slap the goblin.
You kill the goblin!
The hobgoblin hits you with a club.
* * * LOW HITPOINT WARNING * * *
You take 3 damage, and have 3/13 hp.
MASSIVE DAMAGE!!
You tentacle-slap the hobgoblin but do no damage.
Your grab misses the hobgoblin. The hobgoblin hits you with a club.
You die...

#....## #. +.....# #.
#.....############. .#
#.....#............ ...
+..................
#..##.....#.#########'#
#........##.# #....
#...........# #....
#....!@###### #....
#....)g)..# #....
........##.# #.#..
.?....... # #.#..
##+#..... #.#.. .###...
#.#.. .. #... #.#.# ..
###.. #.#.# #...#


You could see a hobgoblin.

Vanquished Creatures
  A goblin (D:1)
  A hobgoblin (D:1)
  A bat (D:1)
  A giant newt (D:1)
  A rat (D:1)
5 creatures vanquished.

Notes
Turn   | Place    | Note
--------------------------------------------------------------
     0 | D:1      | esc the Octopode Transmuter began the quest for the Orb.
     0 | D:1      | Reached XP level 1. HP: 13/13 MP: 3/3
   125 | D:1      | HP: 3/13 [hobgoblin/club (3)]
   126 | D:1      | Slain by a hobgoblin

Vault maps used:
D:1:      minmay_arrival_shattered_statue

Action                   || total
-------------------------++-------
Melee: Unarmed           ||    20

Vault maps used:
D:1:      minmay_arrival_shattered_statue

Table legend:
 A = Turns spent in this place as a percentage of turns spent in the entire game.
 B = Non-inter-level travel turns spent in this place as a percentage of non-inter-level travel turns spent in the entire game.
 C = Inter-level travel turns spent in this place as a percentage of turns spent in this place.
 D = Turns resting spent in this place as a percentage of non-inter-level travel turns spent in this place.
 E = Turns spent auto-exploring this place as a percentage of non-inter-level travel turns spent in this place.
 F = Non-inter-level travel turns spent in this place divided by the number of levels of this place that you've seen.
                   A       B       C       D       E      F
               +-------+-------+-------+-------+-------+----------------------
         Total | 100.0 | 100.0 |   0.0 |   0.0 |   9.4 |  32.0
       Dungeon | 100.0 | 100.0 |   0.0 |   0.0 |   9.4 |  32.0
               +-------+-------+-------+-------+-------+----------------------

Table legend:
 A = Kills in this place as a percentage of kills in entire the game.
 B = Kills by you in this place as a percentage of kills by you in the entire game.
 C = Kills by friends in this place as a percentage of kills by friends in the entire game.
 D = Other kills in this place as a percentage of other kills in the entire game.
 E = Experience gained in this place as a percentage of experience gained in the entire game.
 F = Experience gained in this place divided by the number of levels of this place that you have seen.
                   A       B       C       D       E      F
               +-------+-------+-------+-------+-------+----------------------
         Total | 100.0 | 100.0 |  -nan |  -nan | 100.0 |   7.0
       Dungeon | 100.0 | 100.0 |  -nan |  -nan | 100.0 |   7.0
               +-------+-------+-------+-------+-------+----------------------
